 Dungeon Crawl Stone Soup version 0.31-a0-620-gd1cbd99268 (webtiles) character file.

Game seed: 2930804866825704362

288 Aj7335 the Covert (level 6, -1/41 HPs)
             Began as an Octopode Brigand on Aug 23, 2023.
             Frozen to death by an endoplasm (5 damage)
             ... on level 4 of the Dungeon.
             The game lasted 00:15:16 (3642 turns).

Aj7335 the Covert (Octopode Brigand)                Turns: 3642, Time: 00:15:18

Health: -1/41      AC:  1    Str: 10    XL:     6   Next: 31%
Magic:  15/15      EV: 13    Int: 13    God:
Gold:   114        SH:  0    Dex: 16    Spells: 5/5 levels left

rFire   . . .        a - +2 dagger
rCold   . . .        (no shield)
rNeg    . . .        (helmet restricted)
rPois   .            (no amulet)
rElec   .            d - ring of wizardry
rCorr   .            k - ring of magical power
SInv    .            (no ring)
Will    .....        (no ring)
Stlth   +++++        (no ring)
HPRegen 0.26/turn    (no ring)
MPRegen 0.14/turn    (no ring)
                     (no ring)

%: wizardry (x1)
@: attractive
A: almost no armour, amphibious, 8 rings, camouflage 1, gelatinous body 1,
(nimble swimmer 1), tentacles
a: no special abilities


You were on level 4 of the Dungeon.
You visited 1 branch of the dungeon, and saw 4 of its levels.

You collected 114 gold pieces.

Inventory:

Hand Weapons
 a - a +2 dagger (weapon)
Missiles
 b - 5 poisoned darts (quivered)
 c - a curare-tipped dart
Jewellery
 d - a ring of wizardry (left tentacle)
 k - a ring of magical power (right tentacle)
Scrolls
 g - a scroll of poison {unknown}
 h - a scroll of fog {unknown}
 i - a scroll of identify {unknown}
 j - a scroll of immolation
 m - a scroll of summoning {unknown}
 p - 2 scrolls of enchant armour {unknown}
Potions
 e - a potion of curing
 f - 2 potions of brilliance {unknown}
 n - a potion of lignification {unknown}
 o - a potion of cancellation {unknown}


   Skills:
 + Level 2.7 Fighting
 + Level 3.1 Short Blades
 + Level 2.9 Throwing
 + Level 1.8 Dodging
 + Level 8.4 Stealth


You had 5 spell levels left.
You didn't know any spells.
Your spell library was empty.

Dungeon Overview and Level Annotations

Branches:
Dungeon (4/15)
 Temple: D:4-7

Altars:
Zin


Innate Abilities, Weirdness & Mutations

You cannot wear most types of armour.
You are amphibious.
You can wear up to eight rings at the same time.
Your skin changes colour to match your surroundings (Stealth+).
Your rubbery body absorbs attacks. (AC +1, EV +1)
((You are camouflaged when in or above water. (Stealth+)))
You have tentacles for arms and can constrict up to eight enemies at once.


Message History

The endoplasm closely misses you. The quokka attacks as it pursues you!
The quokka bites you. The endoplasm freezes you.
You are frozen.
The quokka misses you. The quokka bites you.
The orc priest mumbles some strange prayers to Beogh against you.
Beogh smites you!
The orc priest looks more healthy.
The quokka attacks as it pursues you! The quokka barely misses you.
The endoplasm attacks as it pursues you!
The endoplasm barely misses you.
You barely miss the quokka. You grab the quokka. You constrict the quokka.
The quokka bites you.
You hit the quokka.
You kill the quokka!
The endoplasm hits you. The endoplasm freezes you.
You are frozen.
You hit the orc priest. Your grab misses the orc priest.
The orc priest is almost dead.
The endoplasm closely misses you.
You hit the orc priest but do no damage.
You grab the orc priest.
The orc priest is almost dead.
You constrict the orc priest, but do no damage.
The endoplasm jiggles.
The endoplasm freezes you.
You are frozen.
The orc priest invokes the aid of Beogh against you.
Beogh smites you!
* * * LOW HITPOINT WARNING * * *
The endoplasm hits you.
* * * LOW HITPOINT WARNING * * *
It was a potion of attraction.
You feel attractive to monsters.
You hear the brisk rusting of a very distant drain.
You constrict the orc priest, but do no damage.
The endoplasm freezes you.
You are frozen.
You die...

.....##...##
.8.8.......##
.(..(.......##
.(..o8.......#
..<........(.+
...?..#......#
.....##.o...##
#### #oJoJ.##
##.@.## ##'##
#.## #. #..#####
#.. ##......#
#..###.......###
# ...#...........
..#..............
.....#......~....


You could see an orc priest, an orc wizard, an orc and 2 endoplasms.

Vanquished Creatures
  2 scorpions
  3 adders
  7 gnolls
  3 worms
  2 dart slugs
  3 orcs (D:3)
  10 ball pythons
  8 bats
  9 endoplasms
  A giant cockroach (D:1)
  A goblin (D:1)
  4 hobgoblins
  4 jackals (D:4)
  3 kobolds
  5 quokkas
  2 frilled lizards (D:1)
  A rat (D:3)
68 creatures vanquished.

Notes
Turn   | Place    | Note
-------+----------+-------------------------------------------
     0 | D:1      | Aj7335 the Octopode Brigand began the quest for the Orb.
     0 | D:1      | Reached XP level 1. HP: 14/14 MP: 1/1
    98 | D:1      | Reached skill level 6 in Stealth
    98 | D:1      | Reached XP level 2. HP: 19/19 MP: 2/2
   681 | D:2      | Reached XP level 3. HP: 19/24 MP: 3/3
   754 | D:2      | Reached skill level 7 in Stealth
   761 | D:2      | Reached XP level 4. HP: 6/29 MP: 4/4
  1057 | D:2      | Noticed a scorpion
  1065 | D:2      | Killed a scorpion
  1066 | D:2      | Reached XP level 5. HP: 29/35 MP: 5/5
  2383 | D:3      | Reached skill level 8 in Stealth
  3409 | D:4      | Reached XP level 6. HP: 38/41 MP: 6/6
  3562 | D:4      | Found a glowing silver altar of Zin.
  3642 | D:4      | Frozen to death by an endoplasm

Illustrated notes

Levels and vault maps discovered:
D:1:      ncdulo_halloftheorcs, layout_rooms, hangedman_decor_diamond_cutter
D:2:      layout_loops_ring, kennysheep_generic_room_11
D:3:      layout_basic, kennysheep_generic_room_14
D:4:      layout_loops_corners, mainiacjoe_overflow_big_doors,
          minmay_temple_entry_overgrown, serial_shops, shop,
          cheibrodos_sewer_entry_drain, nicolae_take_the_stairs,
          skrybe_limestone_x, grunt_ministairs_9, uniq_grinder

Skill      XL: |  1  2  3  4  5 |
---------------+----------------+-----
Stealth        | 6 7 8 |  8.4
Short Blades   | 3 |  3.1
Fighting       | |  2.7
Throwing       | |  2.9
Dodging        | |  1.8

Action                     |  1- 3 |  4- 6 || total
---------------------------+-------+-------++-------
  Melee: Dagger            |    42 |    79 ||   121
         Constrict         |     9 |    24 ||    33
         Tentacles         |     8 |    23 ||    31
         Punch             |     1 |     1 ||     2
  Throw: Dart              |     9 |    22 ||    31
    Use: Potion            |     1 |     3 ||     4
         Scroll            |       |     1 ||     1
   Stab: Sleeping          |     9 |     8 ||    17
 Armour: Skin              |     3 |     3 ||     6
  Dodge: Dodged            |    19 |    48 ||    67

Table legend: (Time is in decaauts)
 A = Elapsed time spent in this place.
 B = Non-inter-level travel time spent in this place.
 C = Inter-level travel time spent in this place.
 D = Time resting spent in this place.
 E = Time spent auto-exploring this place.
 F = Levels seen in this place.
 G = Mean time per level.
                   A        B        C        D        E       F      G
               +--------+--------+--------+--------+--------+-----+--------+
         Total |   3621 |   3484 |    137 |    943 |   2057 |   4 |  905.2 |
       Dungeon |   3621 |   3484 |    137 |    943 |   2057 |   4 |  905.2 |
               +--------+--------+--------+--------+--------+-----+--------+

Top non-repeatable levels by time:
     D:3: 1353 daAuts
     D:2: 1216 daAuts
     D:1: 595 daAuts
     D:4: 455 daAuts
